 Dungeon Crawl Stone Soup version 0.29.0-7-g18a832c13a (webtiles) character file.

Game seed: 17805810278560801364

50 greasedhog the Trooper (level 3, -9/24 HPs)
             Began as a Gargoyle Fighter on Sept 1, 2022.
             Killed from afar by Terence (10 damage)
             ... with a bolt of light
             ... on level 2 of the Dungeon.
             The game lasted 00:00:55 (1549 turns).

greasedhog the Trooper (Gargoyle Fighter)           Turns: 1549, Time: 00:00:55

Health: -9/24      AC: 11    Str: 19    XL:     3   Next: 79%
Magic:  3/3        EV:  9    Int:  8    God:
Gold:   45         SH:  0    Dex: 11    Spells: 2/2 levels left

rFire   . . .      SeeInvis .   a - +0 flail
rCold   . . .      Faith    .   c - +0 buckler
rNeg    + . .      Spirit   .   b - +0 scale mail
rPois   ∞          Reflect  .   (no helmet)
rElec   +          Harm     .   (no cloak)
rCorr   .          Rampage  .   e - +0 pair of gloves
Will    .....                   (no boots)
Stlth   ..........              (no amulet)
HPRegen 0.08/turn               (no ring)
MPRegen 0.08/turn               (no ring)

@: confused, mighty
A: sickness immunity, AC +3, negative energy resistance 1, electricity
resistance, torment resistance 1, petrification resistance
a: no special abilities


You were on level 2 of the Dungeon.
You visited 1 branch of the dungeon, and saw 2 of its levels.

You collected 45 gold pieces.

Inventory:

Hand Weapons
 a - a +0 flail (weapon)
Armour
 b - a +0 scale mail (worn)
 c - a +0 buckler (worn)
 e - a +0 pair of gloves (worn)
Scrolls
 f - a scroll of enchant weapon {unknown}
Potions
 h - a potion of berserk rage {unknown}


   Skills:
 * Level 4.2 Fighting
 * Level 3.1 Maces & Flails
 - Level 3.2 Armour
 - Level 3.2 Shields


You had 2 spell levels left.
You didn't know any spells.
Your spell library contained the following spells:

 Spells                   Type           Power      Damage    Failure   Level
 Beastly Appendage        Tmut           0%         N/A       86%         1
 Wereblood                Tmut           0%         N/A       95%         2
 Spider Form              Tmut/Pois      0%         N/A       99%         3


Dungeon Overview and Level Annotations

Branches:
Dungeon (2/15)

Altars:

Annotations:
D:2 Terence


Innate Abilities, Weirdness & Mutations

You are immune to sickness and miasma.
Your stone body is resilient. (AC +3)
You are immune to poison.
You resist negative energy. (rN+)
You are resistant to electric shocks. (rElec)
You are resistant to unholy torment.
You are immune to petrification.


Message History

No target in view!
Key pressed, stopping explore.
Done exploring.
Done exploring.
Done exploring.
(D) Dungeon
Where to? (? - help)
What level of the Dungeon? (default 1, ? - help)
There is a stone staircase leading down here.
You climb downwards.
Terence shouts!
Found a leather armour and 13 gold pieces.
There is a stone staircase leading up here.
There are monsters nearby!
You feel very mighty all of a sudden. The rat closely misses you.
You barely miss the rat. The rat barely misses you.
You hit Terence.
Terence is moderately wounded.
The rat bites you but does no damage.
Terence zaps a wand.
The bolt of light hits you!
Ouch! That really hurt!
A goblin comes into view. It is wielding a +0 dagger.
You hit Terence.
Terence is heavily wounded.
A bat comes into view.
Terence barely misses you. The rat bites you but does no damage.
The bat moves out of view.
You hit Terence.
Terence is heavily wounded.
Terence zaps a wand.
The bolt of light hits you.
You are confused.
* * * LOW HITPOINT WARNING * * *
The rat bites you but does no damage. Terence hits you with a +0 flail.
* * * LOW HITPOINT WARNING * * *
The rat barely misses you.
You bump into the rock wall.
The rat bites you but does no damage.
Terence zaps a wand.
The bolt of light hits you!
You are more confused.
You die...

.# .# .#
.##### .....
...
###.###.#.#.#
#.....@.....#
#.#.##r@#.##..
#.... #.g..#
##...# ...$
.#.## ....


You could see Terence, a goblin and a rat.

Vanquished Creatures
  A gnoll (D:1)
  A dart slug (D:1)
  2 bats (D:1)
  5 endoplasms (D:1)
  A giant cockroach (D:1)
  3 goblins (D:1)
  4 hobgoblins (D:1)
  6 jackals (D:1)
  3 kobolds (D:1)
  4 frilled lizards (D:1)
  2 rats (D:1)
32 creatures vanquished.

Vanquished Creatures (others)
  4 plants (D:1)
  10 withered plants (D:1)
14 creatures vanquished.

Grand Total: 46 creatures vanquished

Notes
Turn   | Place    | Note
-------+----------+-------------------------------------------
     0 | D:1      | greasedhog the Gargoyle Fighter began the quest for the
                  | Orb.
     0 | D:1      | Reached XP level 1. HP: 14/14 MP: 1/1
   130 | D:1      | Reached XP level 2. HP: 11/19 MP: 2/2
   651 | D:1      | Reached XP level 3. HP: 13/24 MP: 3/3
   819 | D:1      | Found a faded altar of an unknown god.
   824 | D:1      | Reached skill level 4 in Fighting
  1539 | D:2      | Noticed Terence
  1548 | D:2      | HP: 1/24 [Terence/+0 flail (4)]
  1549 | D:2      | Killed from afar by Terence

Illustrated notes

Levels and vault maps discovered:
D:1:      ebering_trefoil_twist, layout_basic,
          shapermc_ecumenical_altar_flowoftime
D:2:      layout_basic, uniq_natasha, uniq_crazy_yiuf_cottage, uniq_terence

Skill      XL: |  1  2  3 |
---------------+----------+-----
Fighting       | 4 |  4.2
Maces & Flails | 3 |  3.1
Armour         | |  3.2
Shields        | |  3.2

Action                   || total
-------------------------++-------
Melee: Flail             ||   121
  Use: Scroll            ||     1
       Potion            ||     1
Armor: Scale mail        ||    79
Dodge: Dodged            ||    90
Block: Buckler           ||    30
